 Dungeon Crawl Stone Soup version 0.27-a0-732-ga892ba84f6 (webtiles) character file.

Game seed: 16334608321027001313

460 robertstho the Ruffian (level 7, 0/54 HPs)
             Began as a Ghoul Monk on Mar 23, 2021.
             Was a Priest of Hepliaklqana.
             Slain by a black bear (2 damage)
             ... on level 7 of the Dungeon.
             The game lasted 00:04:22 (4895 turns).

robertstho the Ruffian (Ghoul Monk)                 Turns: 4895, Time: 00:04:23

Health: 0/54       AC:  2    Str: 17    XL:     7   Next: 7%
Magic:  6/6        EV: 10    Int: 11    God:    Hepliaklqana [***...]
Gold:   60         SH:  8    Dex: 11    Spells: 6/6 levels left

rFire    . . .     SeeInvis .     - Unarmed
rCold    + . .     Faith    .   j - +1 kite shield {rPois}
rNeg     + + +     Spirit   .   a - +0 robe
rPois    ∞         Reflect  .   (no helmet)
rElec    .         Harm     .   (no cloak)
rCorr    .         Rampage  .   (no gloves)
Will     .....                  (no boots)
Stlth    +++.......             (no amulet)
HPRegen  0.00/turn              l - +6 ring of intelligence
MPRegen  0.10/turn              (no ring)

@: marked, flying, very slightly contaminated, invisible
A: reduced essence, claws 1, cold resistance 1, negative energy resistance 3,
inhibited regeneration, torment resistance 2, unbreathing 1
a: Renounce Religion, Recall Ancestor, Ancestor Identity, Transference


You were on level 7 of the Dungeon.
You worshipped Hepliaklqana.
Hepliaklqana was most pleased with you.
You visited 1 branch of the dungeon, and saw 5 of its levels.

You collected 60 gold pieces.

Inventory:

Armour
 a - a +0 robe (worn)
 j - a +1 kite shield of poison resistance (worn)
Jewellery
 l - a +6 ring of intelligence (right claw)
 n - an amulet of the acrobat
 q - a +4 ring of protection
Wands
 o - a wand of flame (6)
Scrolls
 b - 2 scrolls of immolation {unknown}
 f - 5 scrolls of identify {unknown}
 h - 3 scrolls of teleportation {unknown}
 i - a scroll of amnesia {unknown}
 k - a scroll of acquirement {unknown}
 m - a scroll of brand weapon {unknown}
Potions
 g - a potion of lignification {unknown}
 p - a potion of berserk rage {unknown}


   Skills:
 * Level 4.4 Fighting
 + Level 3.2 Dodging
 * Level 4.6 Stealth
 + Level 1.1 Shields
 * Level 6.3 Unarmed Combat


You had 6 spell levels left.
You didn't know any spells.
Your spell library contained the following spells:

 Spells                   Type           Power      Damage    Failure   Level
 Animate Skeleton         Necr           0%         N/A       91%         1
 Apportation              Tloc           0%         N/A       91%         1
 Corona                   Hex            0%         N/A       91%         1
 Summon Small Mammal      Summ           0%         N/A       91%         1


Dungeon Overview and Level Annotations

Branches:
Dungeon (4/15)
 Temple: D:4-7

Altars:
Fedhas
Hepliaklqana

Annotations:
D:7 Harold


Innate Abilities, Weirdness & Mutations

Your life essence is reduced to manifest your ancestor. (-10% HP)
You thrive by killing the living.
You are immune to poison.
You have sharp fingernails.
Your flesh is cold resistant. (rC+)
You are immune to negative energy. (rN+++)
You do not regenerate when monsters are visible.
You are immune to unholy pain and torment.
You can survive without breathing.


Message History

* * * LOW HITPOINT WARNING * * *
It was a potion of flight.
You feel very buoyant.
You fly up into the air.
The bullfrog closely misses you.
The bullfrog hits you but does no damage.
You claw the bullfrog!
The bullfrog is severely wounded.
The bullfrog hits you.
* * * LOW HITPOINT WARNING * * *
Harold casts a spell at you.
The kobold brigand is unaffected.
You scratch the bullfrog.
You kill the bullfrog!
You block the kobold brigand's attack.
You have reached level 7!
The kobold brigand throws a curare-tipped dart.
The curare-tipped dart hits you. Harold fires a harpoon shot at you.
The harpoon shot hits the kobold brigand.
You see here a bullfrog corpse.
The kobold brigand throws a curare-tipped dart.
The curare-tipped dart closely misses you.
A black bear comes into view.
The kobold brigand throws a curare-tipped dart.
You block the curare-tipped dart.
Found a runed hat.
The black bear bites you but does no damage.
You block the black bear's attack. x2
The kobold brigand throws a curare-tipped dart.
The curare-tipped dart completely misses you.
You barely miss the black bear. The black bear closely misses you.
The black bear claws you.
* * * LOW HITPOINT WARNING * * *
The black bear closely misses you. x2; The black bear misses you.
The black bear claws you but does no damage.
You claw the black bear!
The black bear is heavily wounded.
You block the black bear's attack. The black bear closely misses you.
The black bear claws you.
You die...

################
#.@.K@KlK.K....#
#.############.#
#K# ##.## #.#
#.>.## #.#
#..... #@#
#...## #h# #####
#.# #.# #.# #.#
.[. .##


You could see Harold, a black bear and a kobold brigand.

Vanquished Creatures
  An ogre (D:4)
  A bullfrog (D:7)
  Natasha (twice) (D:3)
  A worker ant (D:4)
  6 adders
  A worm (D:2)
  4 dart slugs
  2 orcs
  9 ball pythons
  A giant cockroach (D:3)
  4 goblins
  5 hobgoblins
  6 oozes
  10 quokkas
  6 bats
  6 frilled lizards
  7 kobolds
  A quokka skeleton (D:4)
  9 rats
  A spectral kobold (D:2)
83 creatures vanquished.

Vanquished Creatures (collateral kills)
  An orc priest (D:4)
  Ijyb (D:3)
  Natasha (D:3)
  A worm (D:3)
  3 orcs (D:4)
  A hobgoblin (D:3)
  A quokka (D:3)
  A bat (D:3)
  A quokka skeleton (D:4)
  A rat (D:3)
12 creatures vanquished.

Vanquished Creatures (others)
  A hexer (D:7)
1 creature vanquished.

Grand Total: 96 creatures vanquished

Notes
Turn   | Place    | Note
-------+----------+-------------------------------------------
     0 | D:1      | robertstho the Ghoul Monk began the quest for the Orb.
     0 | D:1      | Reached XP level 1. HP: 19/19 MP: 0/0
   214 | D:1      | Reached XP level 2. HP: 14/26 MP: 1/1
   711 | D:1      | Reached XP level 3. HP: 25/33 MP: 2/2
  1022 | D:1      | Reached skill level 4 in Unarmed Combat
  1900 | D:2      | Reached XP level 4. HP: 21/40 MP: 3/3
  2423 | D:2      | Found a hazy altar of Hepliaklqana.
  2461 | D:2      | Became a worshipper of Hepliaklqana the Forgotten
  2461 | D:2      | Reached * piety under Hepliaklqana
  2461 | D:2      | Reached ** piety under Hepliaklqana
  2462 | D:2      | Remembered your ancestor Amyrtaeus as a hexer
  3066 | D:3      | Reached skill level 5 in Unarmed Combat
  3136 | D:3      | Noticed Natasha
  3140 | D:3      | Killed Natasha
  3141 | D:3      | Reached XP level 5. HP: 36/41 MP: 4/4
  3279 | D:3      | Noticed Natasha
  3288 | D:3      | Killed Natasha
  3550 | D:3      | Found a blossoming altar of Fedhas.
  3627 | D:3      | Noticed Ijyb
  3637 | D:3      | Killed Ijyb
  3924 | D:3      | Noticed Natasha
  3928 | D:3      | Killed Natasha
  3929 | D:3      | Reached XP level 6. HP: 37/46 MP: 5/5
  4234 | D:4      | Reached skill level 6 in Unarmed Combat
  4324 | D:4      | Reached *** piety under Hepliaklqana
  4488 | D:4      | Reached skill level 1 in Shields
  4794 | D:4      | You fall into a shaft and drop 3 floors!
  4841 | D:7      | Noticed Harold
  4888 | D:7      | Reached XP level 7. HP: 3/54 MP: 6/6
  4894 | D:7      | HP: 2/54 [black bear (1)]
  4895 | D:7      | Slain by a black bear

Illustrated notes

Levels and vault maps discovered:
D:1:      dpeg_arrival_round_c, layout_loops_ring, bh_walls_and_bars
D:2:      layout_rooms, nicolae_hepliaklqana_monster_ancestors, minmay_tall_x
D:3:      layout_loops_corners, fedhas_ov_isle_minmay, serial_bayou_pond_d,
          uniq_natasha, uniq_ijyb
D:4:      layout_basic
D:7:      wad_pebble_path, layout_loops_ring, gammafunk_temple_overflow_statue,
          uniq_harold

Skill      XL: |  1  2  3  4  5  6 |
---------------+-------------------+-----
Unarmed Combat | 4 5 6 |  6.3
Stealth        | 3 4 |  4.6
Fighting       | 4 |  4.4
Dodging        | 3 |  3.2
Shields        | 1 |  1.1

Action                   |  1- 3 |  4- 6 |  7- 9 || total
-------------------------+-------+-------+-------++-------
Melee: Unarmed           |   131 |   144 |     2 ||   277
       Punch             |     1 |       |       ||     1
Invok: Ancestor Life: He |       |     1 |       ||     1
       Recall Ancestor   |       |     1 |       ||     1
  Use: Potion            |       |     5 |       ||     5
 Stab: Sleeping          |     8 |     8 |       ||    16
       Distracted        |       |     1 |       ||     1
       Invisible         |       |     1 |       ||     1
Armor: Robe              |    17 |    22 |     2 ||    41
Dodge: Dodged            |    77 |    48 |     7 ||   132
Block: Kite shield       |       |    61 |     4 ||    65

Table legend: (Time is in decaauts)
 A = Elapsed time spent in this place.
 B = Non-inter-level travel time spent in this place.
 C = Inter-level travel time spent in this place.
 D = Time resting spent in this place.
 E = Time spent auto-exploring this place.
 F = Levels seen in this place.
 G = Mean time per level.
                   A        B        C        D        E       F      G
               +--------+--------+--------+--------+--------+-----+--------+
         Total |   4921 |   4850 |     71 |      0 |   4176 |   5 |  984.2 |
       Dungeon |   4921 |   4850 |     71 |      0 |   4176 |   5 |  984.2 |
               +--------+--------+--------+--------+--------+-----+--------+

Top non-repeatable levels by time:
     D:3: 1687 daAuts
     D:1: 1334 daAuts
     D:2: 1134 daAuts
     D:4: 661 daAuts
     D:7: 103 daAuts
